 Dungeon Crawl Stone Soup version 0.26-a0-1147-g3780a7a11b (webtiles) character file.

Game seed: 2487179365064311729

144616 gruber the Gelid (level 16, -38/120 HPs)
             Began as a Demonspawn Ice Elementalist on Dec 22, 2020.
             Was a High Priest of Vehumet.
             Killed from afar by an ice dragon (39 damage)
             ... with a blast of cold
             ... on level 1 of the Vaults.
             The game lasted 01:20:46 (38218 turns).

gruber the Gelid (Demonspawn Ice Elementalist)     Turns: 38218, Time: 01:20:47

Health: -38/120    AC:  8    Str:  9    XL:     16   Next: 55%
Magic:  0/30       EV: 18    Int: 36    God:    Vehumet [*****.]
Gold:   2167       SH:  7    Dex: 27    Spells: 5/35 levels left

rFire    . . .     SeeInvis .   h - +2 demon trident (freeze)
rCold    . . .     Faith    .   t - +0 buckler
rNeg     . . .     Spirit   +   G - +1 robe "Eskakor" {*Contam rCorr Int+7 Dex+9}
rPois    +         Reflect  .   S - +2 helmet
rElec    .         Harm     .   (no cloak)
rCorr    +         Rampage  .   C - +0 pair of gloves
Will     +....                  n - +0 pair of boots
Stlth    +++++.....             T - amulet of magic regeneration
HPRegen  0.30/turn              K - +6 ring of intelligence
MPRegen  0.69/turn              y - ring of poison resistance

@: mighty, about to teleport, frozen ramparts
A: hooves 2, thin skeletal structure 2, blurry vision 1, powered by pain 2,
magic shield, magic regeneration
}: 1/15 runes: decaying
a: Renounce Religion


You were on level 1 of the Vaults.
You worshipped Vehumet.
Vehumet was extremely pleased with you.
You visited 6 branches of the dungeon, and saw 28 of its levels.
You also visited: Sewer.

You collected 2293 gold pieces.
You spent 126 gold pieces at shops.

Inventory:

Hand Weapons
 h - a +2 demon trident of freezing (weapon)
Armour
 n - a +0 pair of boots (worn)
 t - a +0 buckler (worn)
 C - a +0 pair of gloves (worn)
 G - the +1 robe "Eskakor" (worn) {*Contam rCorr Int+7 Dex+9}
   (You found it on level 6 of the Dungeon)

   It affects your intelligence (+7).
   It affects your dexterity (+9).
   It causes magical contamination when unequipped.
   It provides partial protection from all sources of acid and corrosion.
 J - a +0 kite shield of reflection
 S - a +2 helmet (worn)
Jewellery
 d - an uncursed ring of resist corrosion
 y - a ring of poison resistance (right hand)
 K - a +6 ring of intelligence (left hand)
 T - an amulet of magic regeneration (around neck)
 Y - a +6 ring of intelligence
Wands
 a - a wand of acid (25)
 s - a wand of random effects (33)
 D - a wand of paralysis (15)
 F - a wand of polymorph (9)
 H - a wand of digging (2)
 I - a wand of disintegration (24)
 M - a wand of flame (45)
 N - a wand of iceblast (19)
 P - a wand of enslavement (11)
Scrolls
 b - 4 scrolls of enchant weapon {unknown}
 c - 5 scrolls of fear {unknown}
 f - 4 scrolls of immolation {unknown}
 g - 3 scrolls of enchant armour
 i - 4 scrolls of random uselessness {unknown}
 j - 6 scrolls of amnesia {unknown}
 l - 14 scrolls of remove curse
 m - 14 scrolls of teleportation
 v - 6 scrolls of magic mapping {unknown}
 z - a scroll of vulnerability
 A - 3 scrolls of blinking {unknown}
 O - 6 scrolls of fog
Potions
 e - 13 potions of curing
 k - 8 potions of flight
 o - 3 potions of ambrosia
 p - 3 potions of brilliance
 q - 3 potions of resistance
 r - 8 potions of heal wounds
 u - 5 potions of attraction
 w - 9 potions of lignification
 x - 3 potions of berserk rage
 B - 5 potions of magic
 E - a potion of cancellation
 L - a potion of invisibility
 Q - 4 potions of might
 U - 3 potions of haste


   Skills:
 - Level 9.1 Fighting
 - Level 0.6(0.8) Short Blades
 - Level 0.7(0.9) Long Blades
 - Level 6.0 Polearms
 - Level 0.1(3.6) Staves
 - Level 0.5(0.6) Slings
 - Level 0.6 Bows
 - Level 0.4 Crossbows
 - Level 0.4(0.6) Throwing
 - Level 6.1 Dodging
 - Level 1.7 Stealth
 - Level 5.0 Shields
 - Level 10.1 Spellcasting
 - Level 14.6 Conjurations
 - Level 0.5 Hexes
 - Level 3.0 Summonings
 - Level 0.5 Necromancy
 - Level 0.5 Translocations
 - Level 0.4 Transmutations
 - Level 0.1 Fire Magic
 - Level 17.0 Ice Magic
 - Level 0.5 Air Magic
 * Level 3.2 Earth Magic
 - Level 0.8 Poison Magic
 - Level 1.0 Invocations


You had 5 spell levels left.
You knew the following spells:

 Your Spells              Type           Power        Failure   Level
a - Freeze                Ice            100%         0%          1
b - Frozen Ramparts       Ice            100%         0%          3
c - Summon Ice Beast      Ice/Summ       74%          1%          4
d - Blink                 Tloc           N/A          2%          2
e - Hailstorm             Conj/Ice       93%          1%          4
f - Ozocubu's Armour      Ice            96%          0%          3
g - Spellforged Servitor  Conj/Summ      34%          13%         7
h - Iron Shot             Conj/Erth      35%          2%          6

Your spell library contained the following spells:

 Spells                   Type           Power        Failure   Level
 Magic Dart               Conj           100%         0%          1
 Animate Skeleton         Necr           44%          1%          1
 Apportation              Tloc           42%          1%          1
 Corona                   Hex            23%          1%          1
 Pain                     Necr           88%          1%          1
 Sandblast                Erth           82%          1%          1
 Shock                    Conj/Air       100%         1%          1
 Summon Small Mammal      Summ           100%         1%          1
 Call Imp                 Summ           40%          1%          2
 Ensorcelled Hibernation  Hex/Ice        100%         1%          2
 Passwall                 Tmut/Erth      25%          1%          2
 Conjure Flame            Conj/Fire      63%          1%          3
 Dazzling Flash           Conj/Hex       100%         1%          3
 Mephitic Cloud           Conj/Pois/Air  54%          1%          3
 Static Discharge         Conj/Air       64%          1%          3
 Stone Arrow              Conj/Erth      100%         1%          3
 Lightning Bolt           Conj/Air       32%          1%          5
 Slow                     Hex            21%          2%          2
 Swiftness                Air            21%          2%          2
 Lee's Rapid Deconstruct  Erth           20%          4%          5
 Confusing Touch          Hex            21%          5%          3
 Tukima's Dance           Hex            21%          5%          3
 Vampiric Draining        Necr           11%          5%          3
 Airstrike                Air            10%          5%          4
 Petrify                  Tmut/Erth      31%          11%         4
 Animate Dead             Necr           11%          19%         4
 Agony                    Necr           22%          45%         5


Dungeon Overview and Level Annotations

Branches:
Dungeon (15/15)            Temple (1/1) D:7            Lair (6/6) D:10
  Swamp (4/4) Lair:3       Spider (1/4) Lair:3        Slime (0/5) Lair:5
    Orc (0/2) D:10         Vaults (1/5) D:14         Depths (0/5) D:15
  Sewer (visited)

Altars:
Ashenzari
Cheibriados
Dithmenos
Elyvilon
Fedhas
Gozag
Hepliaklqana
Kikubaaqudgha
Makhleb
Nemelex Xobeh
Okawaru
Qazlal
Ru
Sif Muna
Trog
Uskayaw
Vehumet
Wu Jian
Xom
Yredelemnul
Zin
The Shining One
Beogh

Shops:
D:10 *   D:13 !

Annotations:
Spider:1 3 runed translucent doors, night's ghost, adept DsMo


Innate Abilities, Weirdness & Mutations

You have hoof-like feet.
You have a moderately thin skeletal structure. (Dex +4, Stealth+)
You sometimes gain power by taking damage.
When hurt, damage is shared between your health and your magic reserves.
You regenerate magic rapidly.
Scrolls take you a little longer to read.


Message History

The ice dragon bites you.
* * * LOW HITPOINT WARNING * * *
The ice dragon claws you!
* * * LOW HITPOINT WARNING * * *
The ice dragon misses you.
Your ice beast hits the stone giant but does no damage.
The stone giant hits your ice beast!!
Your ice beast dies!
Unknown command.
The wall freezes the death knight!
The death knight closely misses you.
The ice dragon completely resists.
The wall freezes the ice dragon but do no damage.
You block the ice dragon's attack.
The ice dragon claws you but does no damage.
The ice dragon closely misses you.
The ice dragon completely resists.
The wall freezes the ice dragon but do no damage.
The ice dragon breathes frost at you. The blast of cold hits you!!!
You die...

#......#))#......#..#
#......#.)########..#
#......#.)..........#
########............#
.................#
.................#
##########'######
##.....# ##@.###..#
#.D## .# #.Cp.p.#
#.#.....# #. #......
#. ####.. ## #


You could see an ice dragon (catching breath), a stone giant and a death knight.

Vanquished Creatures
  A thorn hunter (Swamp:2)
  Donald (Swamp:4)
  A bunyip (Swamp:3)
  A dire elephant (Lair:6)
  2 deep elf annihilators (Vaults:1)
  An eleionoma (Swamp:2)
  A shambling mangrove (Swamp:4)
  15 hydras
  3 boulder beetles
  2 ghost crabs (Swamp:4)
  A merfolk avatar (Lair:6)
  6 vault guards (D:14)
  4 centaur warriors
  A catoblepas (Lair:6)
  An ogre mage (D:12)
  9 two-headed ogres
  A tengu warrior (D:14)
  8 alligators
  9 death yaks
  Nergalle (D:10)
  5 unseen horrors
  A glowing orange brain (Vaults:1)
  3 swamp dragons
  6 goliath frogs
  2 skeletal warriors (D:15)
  A spriggan druid (Swamp:4)
  A harpy (Lair:6)
  3 orc knights
  2 deep elf magi
  2 ugly things
  A wolf spider (shapeshifter) (D:15)
  An orb spider (Spider:1)
  6 manticores
  A wolf spider (Spider:1)
  A cyclops (D:14)
  8 elephants
  3 black mambas
  A gargoyle (D:13)
  7 cane toads
  A kobold demonologist (D:13)
  A centaur skeleton (D:14)
  3 torpor snails
  5 komodo dragons
  5 rime drakes
  4 trolls
  5 meliai
  A harpy zombie (D:14)
  4 polar bears
  8 jumping spiders
  5 hornets
  A slime creature (D:15)
  5 tyrant leeches
  11 blink frogs
  7 redbacks
  A wraith (D:12)
  A shadow (D:12)
  A tarantella (Spider:1)
  2 spriggans
  4 wyverns
  A hog (Swamp:2)
  18 yaks
  2 basilisks
  4 vampire mosquitoes (Swamp:4)
  An acid dragon (D:12)
  7 swamp worms
  12 water moccasins
  An ice beast (D:13)
  3 sky beasts
  6 orc warriors
  A black bear (D:9)
  A black bear (shapeshifter) (D:13)
  6 centaurs
  11 ogres
  Blork the orc (D:6)
  3 big kobolds
  10 bullfrogs
  A gnoll sergeant (D:7)
  A wyvern skeleton (D:12)
  2 scorpions
  9 killer bees
  7 wights
  An electric eel (D:14)
  2 howler monkeys
  3 centaur zombies
  7 hounds
  A gnoll shaman (D:8)
  A bullfrog skeleton (D:12)
  4 orc priests
  10 orc wizards
  2 iguanas
  10 worker ants
  A hound skeleton (D:11)
  A worker ant zombie (D:11)
  6 gnolls
  A howler monkey skeleton (D:9)
  18 adders
  2 shadow imps (D:8)
  2 ufetubi
  3 oozes (Sewer)
  An adder zombie (D:7)
  3 worms
  A dart slug (D:1)
  9 leopard geckos
  54 orcs
  11 giant cockroaches
  6 hobgoblins
  3 jackals (D:9)
  19 kobolds
  4 quokkas
  10 ball pythons
  5 bats
  7 frilled lizards
  12 goblins
  A jackal zombie (D:8)
  2 leopard gecko skeletons
  12 rats
  2 bushes (Lair:6)
544 creatures vanquished.

Vanquished Creatures (collateral kills)
  Kirke (Swamp:2)
  A thorn hunter (Swamp:4)
  An emperor scorpion (D:15)
  Louise (Swamp:1)
  An ironheart preserver (Vaults:1)
  A bunyip (Swamp:4)
  2 eleionomae (Swamp:3)
  2 boulder beetles
  9 hydras
  2 vault guards (D:14)
  A ghost crab (Swamp:4)
  5 alligators
  An ogre mage (D:15)
  2 two-headed ogres (D:12)
  2 death yaks (Lair:5)
  A tengu warrior (D:14)
  A deep elf knight (Vaults:1)
  2 spriggans
  2 skeletal warriors
  A sea snake (Lair:6)
  A spriggan druid (Swamp:4)
  2 goliath frogs (Swamp:2)
  3 bog bodies
  An orb spider (Spider:1)
  4 swamp dragons (Swamp:4)
  2 ugly things (D:15)
  5 oklob plants
  A cyclops (D:11)
  A moth of wrath (Spider:1)
  2 elephants (Lair:6)
  3 torpor snails
  2 black mambas
  A gargoyle (D:12)
  10 cane toads
  3 komodo dragons
  4 rime drakes
  2 ice devils (D:12)
  A demonic crawler (Spider:1)
  5 polar bears
  A meliai (D:13)
  3 trolls
  2 jumping spiders (Lair:3)
  A wolf spider simulacrum (D:14)
  5 hornets
  7 blink frogs
  6 tyrant leeches
  2 slime creatures
  2 dream sheep (Lair:6)
  A redback (Spider:1)
  A tarantella (Spider:1)
  7 yaks
  3 wraiths
  A water elemental (D:14)
  2 hogs
  3 basilisks
  5 wyverns
  5 vampire mosquitoes (Swamp:4)
  6 swamp worms
  9 water moccasins
  4 swamp drakes (Swamp:4)
  5 orc warriors
  A phantom (D:10)
  2 sky beasts
  A necrophage (D:8)
  4 ice beasts
  3 centaurs (D:7)
  6 bullfrogs
  2 killer bees
  A wight (D:13)
  A howler monkey (D:12)
  A quasit (D:8)
  3 jellies (Lair:5)
  4 orc priests
  A hound (D:12)
  3 centaur skeletons
  7 orc wizards
  2 iguanas
  2 worker ants
  A killer bee zombie (D:9)
  A hound skeleton (D:5)
  An adder (D:7)
  A white imp (D:7)
  20 orcs
  A giant cockroach (D:8)
  2 quokkas
244 creatures vanquished.

Vanquished Creatures (others)
  3 bloated husks
  An orc wizard (D:6)
  2 bushes (Lair:6)
  51 fungi
  156 plants
213 creatures vanquished.

Grand Total: 1001 creatures vanquished

Notes
Turn   | Place    | Note
-------+----------+-------------------------------------------
     0 | D:1      | gruber the Demonspawn Ice Elementalist began the quest for
                  | the Orb.
     0 | D:1      | Reached XP level 1. HP: 13/13 MP: 3/3
   109 | D:1      | Reached skill level 4 in Ice Magic
   111 | D:1      | Gained mutation: You have large cloven feet. [demonic
                  | ancestry]
   111 | D:1      | Reached XP level 2. HP: 7/19 MP: 0/5
  1200 | D:1      | Gained mutation: When hurt, damage is shared between your
                  | health and your magic reserves. [demonic ancestry]
  1200 | D:1      | Reached XP level 3. HP: 24/24 MP: 4/6
  1782 | D:2      | Learned a level 3 spell: Frozen Ramparts
  2036 | D:2      | Reached skill level 5 in Ice Magic
  2116 | D:2      | Gained mutation: You regenerate magic rapidly. [demonic
                  | ancestry]
  2116 | D:2      | Reached XP level 4. HP: 27/30 MP: 0/7
  3420 | D:3      | Reached XP level 5. HP: 31/35 MP: 3/8
  3483 | D:3      | Found a sparkling altar of Nemelex Xobeh.
  3663 | D:3      | Reached skill level 6 in Ice Magic
  4164 | D:4      | Learned a level 4 spell: Summon Ice Beast
  4209 | D:4      | Found an opulent altar of Gozag.
  4220 | D:4      | Reached skill level 1 in Summonings
  4479 | D:4      | Found a snail-covered altar of Cheibriados.
  4551 | D:4      | Reached XP level 6. HP: 12/41 MP: 1/9
  4902 | D:5      | Entered Level 5 of the Dungeon
  4975 | D:5      | Noticed an ice beast
  5468 | D:5      | Killed an ice beast
  5469 | D:5      | Reached skill level 7 in Ice Magic
  5469 | D:5      | Reached XP level 7. HP: 46/46 MP: 10/10
  5924 | D:5      | Reached skill level 8 in Ice Magic
  6325 | D:6      | Found a glowing drain.
  6347 | Sewer    | Entered a sewer
  6691 | Sewer    | Gained mutation: You have a somewhat thin skeletal
                  | structure. (Dex +2, Stealth) [demonic ancestry]
  6691 | Sewer    | Reached XP level 8. HP: 52/52 MP: 11/11
  7062 | D:6      | Got a warped robe
  7067 | D:6      | Noticed Blork the orc
  7075 | D:6      | Reached skill level 9 in Ice Magic
  7091 | D:6      | Killed Blork the orc
  7414 | D:6      | Found a shimmering altar of Xom.
  7464 | D:6      | Identified the +1 robe "Eskakor" {*Contam rCorr Int+7
                  | Dex+9} (You found it on level 6 of the Dungeon)
  7567 | D:6      | Found a glowing silver altar of Zin.
  7567 | D:6      | Found a basalt altar of Yredelemnul.
  7568 | D:6      | Found an ancient bone altar of Kikubaaqudgha.
  7786 | D:7      | Found a staircase to the Ecumenical Temple.
  7869 | D:7      | Found an iron altar of Okawaru.
  8199 | D:7      | Reached skill level 10 in Ice Magic
  8439 | D:7      | Found a stormy altar of Qazlal.
  9386 | D:8      | Gained mutation: You sometimes gain a little power by
                  | taking damage. [demonic ancestry]
  9386 | D:8      | Reached XP level 9. HP: 57/57 MP: 12/12
  9692 | D:8      | Reached skill level 11 in Ice Magic
  9911 | D:9      | Found a blossoming altar of Fedhas.
 10097 | D:9      | Learned a level 2 spell: Blink
 10102 | D:9      | Learned a level 4 spell: Hailstorm
 10165 | D:9      | Noticed a troll
 10170 | D:9      | Killed a troll
 10252 | D:9      | Reached skill level 5 in Spellcasting
 10302 | D:9      | Found a shimmering blue altar of Sif Muna.
 10418 | Temple   | Entered the Ecumenical Temple
 10471 | Temple   | Became a worshipper of Vehumet
 10803 | D:9      | Noticed a troll
 10819 | D:9      | Killed a troll
 11230 | D:10     | Entered Level 10 of the Dungeon
 11235 | D:10     | Found a roughly hewn altar of Beogh.
 11236 | D:10     | Noticed an orc knight
 11236 | D:10     | Noticed an orc knight
 11305 | D:10     | Noticed Nergalle
 11392 | D:10     | Reached skill level 1 in Invocations
 11524 | D:10     | Killed an orc knight
 11525 | D:10     | Reached XP level 10. HP: 45/63 MP: 2/19
 11630 | D:10     | Reached * piety under Vehumet
 11630 | D:10     | Offered knowledge of Sandblast by Vehumet.
 11678 | D:10     | Found a staircase to the Orcish Mines.
 12029 | D:10     | Killed Nergalle
 12030 | D:10     | Reached skill level 5 in Conjurations
 12134 | D:10     | Offered knowledge of Foxfire by Vehumet.
 12135 | D:10     | Reached ** piety under Vehumet
 12226 | D:10     | Killed an orc knight
 12379 | D:10     | Found a staircase to the Lair.
 12379 | D:10     | Noticed an oklob plant
 12395 | D:10     | Killed an oklob plant
 12455 | D:10     | Found Zikeam's General Store.
 12732 | Lair:1   | Entered Level 1 of the Lair of Beasts
 13079 | Lair:1   | Noticed a five-headed hydra
 13082 | Lair:1   | Noticed a cane toad
 13087 | Lair:1   | Killed a five-headed hydra
 13088 | Lair:1   | Killed a cane toad
 13271 | Lair:1   | Got a translucent helmet
 13272 | Lair:1   | Identified the +0 helmet "Moryequwk" {rC- Int+4} (You found
                  | it on level 1 of the Lair of Beasts)
 13453 | Lair:1   | Noticed a cane toad
 13462 | Lair:1   | Killed a cane toad
 13463 | Lair:1   | Reached XP level 11. HP: 68/68 MP: 19/20
 14067 | Lair:2   | Reached skill level 10 in Conjurations
 14292 | Lair:2   | Noticed a seven-headed hydra
 14294 | Lair:2   | Noticed a seven-headed hydra
 14297 | Lair:2   | Killed a seven-headed hydra
 14300 | Lair:2   | Killed a seven-headed hydra
 15528 | Lair:3   | Offered knowledge of Dazzling Flash by Vehumet.
 15529 | Lair:3   | Reached skill level 12 in Ice Magic
 15789 | Lair:3   | Reached *** piety under Vehumet
 15996 | Lair:3   | Found a hole to the Spider Nest.
 16243 | Lair:3   | Noticed a six-headed hydra
 16249 | Lair:3   | Killed a six-headed hydra
 16250 | Lair:3   | Reached skill level 13 in Ice Magic
 16250 | Lair:3   | Gained mutation: You have hoof-like feet. [demonic
                  | ancestry]
 16250 | Lair:3   | Reached XP level 12. HP: 74/74 MP: 13/21
 16289 | Lair:3   | Found a staircase to the Swamp.
 17057 | Lair:4   | Noticed a death yak
 17077 | Lair:4   | Killed a death yak
 17170 | Lair:4   | Noticed a boulder beetle
 17209 | Lair:4   | Killed a boulder beetle
 17283 | Lair:4   | Noticed a death yak
 17283 | Lair:4   | Noticed a death yak
 17284 | Lair:4   | Noticed a death yak
 17311 | Lair:4   | Noticed a death yak
 17313 | Lair:4   | Killed a death yak
 17314 | Lair:4   | Reached skill level 14 in Ice Magic
 17315 | Lair:4   | Killed a death yak
 17315 | Lair:4   | Killed a death yak
 17322 | Lair:4   | Killed a death yak
 17501 | Lair:4   | Noticed a five-headed hydra
 17507 | Lair:4   | Killed a five-headed hydra
 17858 | Lair:5   | Offered knowledge of Sticky Flame by Vehumet.
 18073 | Lair:5   | Reached skill level 15 in Ice Magic
 18076 | Lair:5   | Noticed a six-headed hydra
 18085 | Lair:5   | Killed a six-headed hydra
 18241 | Lair:5   | Noticed a five-headed hydra
 18249 | Lair:5   | Killed a five-headed hydra
 18428 | Lair:5   | Noticed a death yak
 18432 | Lair:5   | Noticed a death yak
 18433 | Lair:5   | Noticed a death yak
 18433 | Lair:5   | Noticed a death yak
 18440 | Lair:5   | Noticed a death yak
 18455 | Lair:5   | Killed a death yak
 18503 | Lair:5   | Killed a death yak
 18503 | Lair:5   | Killed a death yak
 18504 | Lair:5   | Reached XP level 13. HP: 43/79 MP: 8/22
 18780 | Lair:5   | Found a staircase to the Slime Pits.
 18822 | Lair:5   | Reached **** piety under Vehumet
 19318 | Lair:5   | Reached skill level 16 in Ice Magic
 19412 | Lair:6   | Entered Level 6 of the Lair of Beasts
 19421 | Lair:6   | Offered knowledge of Olgreb's Toxic Radiance by Vehumet.
 19598 | Lair:6   | Noticed a dire elephant
 19642 | Lair:6   | HP: 3/79 [dire elephant (4)]
 20342 | Lair:6   | Learned a level 3 spell: Ozocubu's Armour
 21461 | D:11     | Reached skill level 17 in Ice Magic
 22089 | D:12     | Reached ***** piety under Vehumet
 22090 | D:12     | Offered knowledge of Iskenderun's Mystic Blast by Vehumet.
 22402 | D:12     | Reached skill level 5 in Dodging
 24585 | D:13     | Reached skill level 1 in Shields
 24585 | D:13     | Gained mutation: You have a moderately thin skeletal
                  | structure. (Dex +4, Stealth+) [demonic ancestry]
 24585 | D:13     | Reached XP level 14. HP: 85/85 MP: 8/23
 24707 | D:13     | Found a stormy altar of Qazlal.
 25411 | D:13     | Found Hyabb's Distillery.
 25545 | D:13     | Bought a potion of heal wounds for 70 gold pieces
 25545 | D:13     | Bought a potion of curing for 42 gold pieces
 25545 | D:13     | Bought a potion of degeneration for 14 gold pieces
 26133 | D:14     | Reached skill level 5 in Shields
 26150 | D:14     | Reached skill level 1 in Fighting
 26602 | D:14     | Found a gate to the Vaults.
 26618 | D:14     | Reached skill level 5 in Fighting
 27308 | D:15     | Entered Level 15 of the Dungeon
 28170 | D:15     | Offered knowledge of Yara's Violent Unravelling by Vehumet.
 28505 | D:15     | Noticed an emperor scorpion
 28509 | D:15     | Found a staircase to the Depths.
 28763 | D:15     | Killed an emperor scorpion
 29309 | D:15     | Gained mutation: You sometimes gain power by taking damage.
                  | [demonic ancestry]
 29309 | D:15     | Reached XP level 15. HP: 101/113 MP: 15/26
 30331 | Lair:6   | Paralysed by a hornet for 3 turns
 31036 | Lair:6   | Found the +9 scales of the Dragon King {rPois rF+ rC+
                  | Will+}
 31490 | Swamp:1  | Entered Level 1 of the Swamp
 31497 | Swamp:1  | Offered knowledge of Spellforged Servitor by Vehumet.
 31546 | Swamp:1  | Learned a level 7 spell: Spellforged Servitor
 31553 | Swamp:1  | Noticed Louise
 32050 | Swamp:1  | Killed Louise
 32051 | Swamp:1  | Reached skill level 10 in Spellcasting
 32656 | Swamp:2  | Reached skill level 1 in Polearms
 32821 | Swamp:2  | Noticed a thorn hunter
 32839 | Swamp:2  | Killed a thorn hunter
 33339 | Swamp:2  | Reached skill level 5 in Polearms
 33542 | Swamp:2  | Noticed Kirke
 33552 | Swamp:2  | Killed Kirke
 34557 | Swamp:3  | Offered knowledge of Iskenderun's Battlesphere by Vehumet.
 35254 | Swamp:4  | Entered Level 4 of the Swamp
 35266 | Swamp:4  | Reached XP level 16. HP: 120/120 MP: 1/30
 35546 | Spider:1 | Entered Level 1 of the Spider Nest
 35990 | Spider:1 | Found a runed translucent gate.
 35990 | Spider:1 | Found a runed translucent gate.
 35990 | Spider:1 | Found a runed translucent gate.
 35994 | Spider:1 | Noticed night's ghost (adept DsMo)
 36402 | Swamp:4  | Noticed Donald
 36485 | Swamp:4  | Killed Donald
 37237 | Swamp:4  | Got a decaying rune of Zot
 37273 | Swamp:4  | Noticed a thorn hunter
 37284 | Swamp:4  | Killed a thorn hunter
 37490 | Swamp:4  | Offered knowledge of Iron Shot by Vehumet.
 38002 | Vaults:1 | Entered Level 1 of the Vaults
 38016 | Vaults:1 | Learned a level 6 spell: Iron Shot
 38082 | Vaults:1 | Reached skill level 1 in Earth Magic
 38152 | Vaults:1 | Gained mutation: Scrolls take you a little longer to read.
                  | [a neqoxec]
 38216 | Vaults:1 | HP: 1/120 [ice dragon (11)]
 38218 | Vaults:1 | Killed from afar by an ice dragon

Illustrated notes

Levels and vault maps discovered:
D:1:      psy_arrival_spokes, layout_basic, hangedman_decor_riveting,
          st_stairs_11, minmay_unequal
D:2:      layout_loops_corners, minmay_circle_x
D:3:      layout_loops_cross, overflow_temple_1_default, serial_rivers,
          chequers_serial_rivers_micro_e, chequers_serial_rivers_marsh,
          chequers_serial_rivers_room_a, chequers_serial_rivers_room_b,
          minmay_snake_closets
D:4:      layout_rooms, old_standard_altar, nicolae_gozag_seed_capital
D:5:      cheibrodos_barr_body, layout_basic
D:6:      layout_basic, kennysheep_mini_moat, gammafunk_temple_overflow_claw,
          gup_sewer_entry_pipe, minmay_misc_feat_plants, uniq_blork_the_orc
D:7:      layout_basic, lemuel_crystal_altar, old_standard_altar,
          minmay_temple_entry_wispy, kennysheep_decorative_pillar
D:8:      layout_basic, serial_curves, eino_curves_04, eino_curves_01,
          eino_curves_01
D:9:      layout_rooms, marbit_many_paths, fedhas_altar_2
D:10:     layout_cave_pods, dpeg_oklobed_lair, david_orc_5, serial_shops, shop,
          uniq_nergalle
D:11:     layout_roguey, minmay_misc_feat_encased
D:12:     layout_roguey, portal_ice_cave_demonic_guard
D:13:     layout_stronghold, serial_shops, shop, basic_altar
D:14:     layout_small_grid, erik_vaults_2, serial_bayou_lagoon_a
D:15:     hangedman_depths_entry_try_elsewhere_first, layout_loops_ring,
          chequers_hall_statues_wall_a
Temple:   minmay_temple_bridge_abc
Lair:1:   layout_gridlike, grunt_forest_small_clearings
Lair:2:   layout_cave_pods, minmay_hedge_maze
Lair:3:   layout_roguey, minmay_swamp_entry_reptiles,
          nicolae_spider_entry_tight_spaces
Lair:4:   layout_cave_shapes, grunt_megastairs_2
Lair:5:   layout_long_grid, minmay_slime_entry_pillars, grunt_megastairs_4,
          minmay_lair_oklob_chamber
Lair:6:   gammafunk_lair_ancient_temple, layout_layer_cave
Swamp:1:  layout_basic_swamp, wheals_swamp_sinkhole,
          infiniplex_staircase_pool_2, uniq_louise
Swamp:2:  layout_basic_swamp, evilmike_swamp_ruin_house_2, uniq_kirke
Swamp:3:  layout_basic_swamp, nicolae_swamp_fairy_circle, swamp_pool1
Swamp:4:  swamp_alternative, layout_basic_swamp, swamp_pool4, uniq_donald
Spider:1: layout_spider_delve, ebering_ghost_rock_garden
Vaults:1: v_misc_8, vaults_dpeg_spiral, ontoclasm_vaults_eye, v_misc_28,
          nicolae_vaults_little_squares_6, vaults_room_door_hall,
          gammafunk_its_a_trap, v_pattern_4, nicolae_vaults_three_branches,
          vaults_dpeg_hooks, nicolae_vaults_asterisk, ontoclasm_vaults_shuriken,
          layout_vaults_omnicross

Skill      XL: |  1  2  3  4  5  6  7  8  9 10 11 12 13 14 15 16 |
---------------+-------------------------------------------------+-----
Ice Magic      | 4 5 6 7 8 10 11 13 15 17 | 17.0
Summonings     | 1 3 |  3.0
Spellcasting   | 6 7 10 | 10.1
Invocations    | 1 |  1.0
Conjurations   | 2 9 11 12 14 | 14.6
Dodging        | 6 |  6.1
Shields        | 1 5 |  5.0
Fighting       | 9 |  9.1
Polearms       | 6 |  6.0
Earth Magic    | 3 |  3.2
Short Blades   | |  0.6
Long Blades    | |  0.7
Staves         | |  0.1
Slings         | |  0.5
Bows           | |  0.6
Crossbows      | |  0.4
Throwing       | |  0.4
Stealth        | |  1.7
Hexes          | |  0.5
Necromancy     | |  0.5
Translocations | |  0.5
Transmutations | |  0.4
Fire Magic     | |  0.1
Air Magic      | |  0.5
Poison Magic   | |  0.8

Action                   |  1- 3 |  4- 6 |  7- 9 | 10-12 | 13-15 | 16-18 || total
-------------------------+-------+-------+-------+-------+-------+-------++-------
Melee: Unarmed           |    35 |    29 |     2 |       |       |       ||    66
       Kick              |     2 |       |       |       |       |       ||     2
       Trident           |       |       |    25 |       |       |       ||    25
       Broad axe         |       |       |    62 |    62 |     1 |       ||   125
       War axe           |       |       |       |       |   241 |       ||   241
       Demon trident     |       |       |       |       |    21 |    71 ||    92
 Cast: Freeze            |    59 |    20 |     1 |    24 |    26 |       ||   130
       Frozen Ramparts   |     1 |    34 |    59 |    57 |    71 |    13 ||   235
       Summon Ice Beast  |       |     6 |    70 |   136 |   328 |    80 ||   620
       Hailstorm         |       |       |     4 |    60 |   203 |    73 ||   340
       Blink             |       |       |       |     1 |    13 |     9 ||    23
       Ozocubu's Armour  |       |       |       |       |     7 |     2 ||     9
       Spellforged Servi |       |       |       |       |     1 |       ||     1
Evoke: Wand              |       |       |       |     4 |     6 |       ||    10
  Use: Scroll            |       |       |       |     1 |    27 |     5 ||    33
 Stab: Sleeping          |     1 |     1 |     1 |       |     6 |       ||     9
       Distracted        |       |       |       |       |     5 |     6 ||    11
Armor: Robe              |    22 |    17 |    62 |    26 |   107 |    17 ||   251
Dodge: Dodged            |    46 |    75 |   133 |   105 |   326 |    85 ||   770
Block: Other             |       |       |       |    11 |    27 |       ||    38
       Buckler           |       |       |       |       |   173 |    57 ||   230
       Reflection        |       |       |       |       |     4 |     1 ||     5

Table legend: (Time is in decaauts)
 A = Elapsed time spent in this place.
 B = Non-inter-level travel time spent in this place.
 C = Inter-level travel time spent in this place.
 D = Time resting spent in this place.
 E = Time spent auto-exploring this place.
 F = Levels seen in this place.
 G = Mean time per level.
                   A        B        C        D        E       F      G
               +--------+--------+--------+--------+--------+-----+--------+
         Total |  38828 |  35992 |   2836 |    631 |  29010 |  29 | 1338.9 |
       Dungeon |  21530 |  19782 |   1748 |     28 |  16455 |  15 | 1435.3 |
        Temple |     74 |     53 |     21 |      0 |     45 |   1 |   74.0 |
          Lair |  10079 |   9368 |    711 |    328 |   7393 |   6 | 1679.8 |
         Swamp |   5690 |   5354 |    336 |    228 |   4204 |   4 | 1422.5 |
   Spider Nest |    743 |    724 |     19 |     47 |    481 |   1 |  743.0 |
        Vaults |    215 |    215 |      0 |      0 |    107 |   1 |  215.0 |
         Sewer |    493 |    493 |      0 |      0 |    324 |   1 |  493.0 |
               +--------+--------+--------+--------+--------+-----+--------+

Top non-repeatable levels by time:
  Lair:6: 2297 daAuts
  Lair:5: 2239 daAuts
    D:15: 2030 daAuts
    D:14: 2029 daAuts
  Lair:3: 1959 daAuts
    D:13: 1801 daAuts
    D:12: 1627 daAuts
    D:10: 1624 daAuts
     D:1: 1619 daAuts
 Swamp:3: 1537 daAuts
  Lair:2: 1489 daAuts
     D:3: 1469 daAuts
 Swamp:2: 1466 daAuts
 Swamp:4: 1407 daAuts
     D:5: 1314 daAuts
